 Seeded DCSS version 0.29.1-1-gd02db6906a (webtiles) character file.

Game seed: 1 (custom seed)

13070 Kazon the Slicer (level 12, -2/64 HPs)
             Began as a Vine Stalker Fighter on Oct 17, 2022.
             Was a Priest of Makhleb.
             Slain by Snorg (7 damage)
             ... on level 14 of the Dungeon.
             The game lasted 00:54:27 (9870 turns).

Kazon the Slicer (Vine Stalker Fighter)             Turns: 9870, Time: 00:54:29

Health: -2/64      AC: 11    Str: 24      XL:     12   Next: 2%
Magic:  0/25       EV: 13    Int:  8      God:    Makhleb [***...]
Gold:   637        SH:  5    Dex: 13 (14) Spells: 11/11 levels left

rFire   + . .      SeeInvis .   e - +1 rapier (speed)
rCold   + + +      Faith    .   c - +0 buckler
rNeg    . . .      Spirit   +   F - +3 leather armour {rC+}
rPois   .          Reflect  .   k - +0 helmet
rElec   .          Harm     .   P - scarf {rC+ rF+}
rCorr   .          Rampage  .   (no gloves)
Will    +....                   m - +2 pair of boots
Stlth   ++........              o - amulet of the acrobat
HPRegen 1.00/turn               K - ring of magical power
MPRegen 0.19/turn               b - ring of protection from cold

@: studying Short Blades
A: fangs 3, regeneration 1, magic shield, antimagic bite, no potion heal 2
a: Renounce Religion, Minor Destruction, Lesser Servant of Makhleb


You were on level 14 of the Dungeon.
You worshipped Makhleb.
Makhleb was most pleased with you.
You visited 2 branches of the dungeon, and saw 13 of its levels.

You collected 863 gold pieces.
You spent 226 gold pieces at shops.

Inventory:

Hand Weapons
 a - the +5 long sword of the Land of Plenty {drain, Dex+3}
   (You found it on level 10 of the Dungeon)

   A truly terrible weapon, it drains the life of any living foe it strikes.
   Dex:       It affects your dexterity (+3).
 e - a +1 rapier of speed (weapon)
 s - the +3 falchion of Winter {venom, rCorr}
   (You bought it in a shop on level 3 of the Dungeon)

   It poisons the flesh of those it strikes.
   rCorr:     It protects you from acid and corrosion.
Missiles
 j - 17 stones
 p - 20 boomerangs
 q - a throwing net
 z - 2 curare-tipped darts (quivered)
 H - 17 poisoned darts
Armour
 c - a +0 buckler (worn)
 k - a +0 helmet (worn)
 m - a +2 pair of boots (worn)
 F - a +3 leather armour of cold resistance (worn)
 P - a scarf of resistance (worn)
Jewellery
 b - a ring of protection from cold (right hand)
 o - an amulet of the acrobat (around neck)
 t - a ring of positive energy
 K - a ring of magical power (left hand)
 M - a ring of protection from cold
Wands
 B - a wand of paralysis (26)
 C - a wand of mindburst (20)
 D - a wand of flame (44)
 J - a wand of roots (6)
 Q - a wand of polymorph (7)
Scrolls
 i - a scroll of identify
 n - 2 scrolls of immolation
 r - 3 scrolls of fog
 u - 3 scrolls of teleportation
 v - a scroll of magic mapping
 w - 2 scrolls of noise {unknown}
 x - 2 scrolls of poison {unknown}
 y - 2 scrolls of enchant weapon {unknown}
 E - 3 scrolls of fear {unknown}
 L - a scroll of summoning {unknown}
 O - a scroll of amnesia {unknown}
 T - a scroll of vulnerability {unknown}
Potions
 d - 2 potions of might
 f - 2 potions of haste
 g - 5 potions of lignification
 h - 3 potions of flight
 l - 4 potions of berserk rage
 A - 2 potions of magic
 G - 2 potions of cancellation
 I - 2 potions of curing
 R - a potion of invisibility {unknown}
Miscellaneous
 N - a condenser vane
 S - a phial of floods


   Skills:
 * Level 7.8 Fighting
 + Level 8.1(9.6) Short Blades
 + Level 8.1(9.6) Long Blades
 + Level 4.7 Throwing
 + Level 5.0 Armour
 + Level 4.4 Dodging
 + Level 3.5 Stealth
 + Level 5.5 Shields
 * Level 4.1 Invocations
 * Level 5.8 Evocations


You had 11 spell levels left.
You didn't know any spells.
Your spell library contained the following spells:

 Spells                   Type           Power      Damage    Failure   Level
 Apportation              Tloc           0%         N/A       54%         1
 Magic Dart               Conj           0%         1d3       54%         1
 Necrotise                Necr           0%         1d4       54%         1
 Sting                    Tmut/Pois      0%         1d3       54%         1
 Summon Small Mammal      Summ           0%         N/A       54%         1
 Call Imp                 Summ           0%         N/A       67%         2
 Poisonous Vapours        Pois/Air       0%         N/A       67%         2
 Mephitic Cloud           Conj/Pois/Air  0%         N/A       88%         3
 Ozocubu's Armour         Ice            0%         N/A       88%         3
 Olgreb's Toxic Radiance  Pois           0%         N/A       99%         4
 Fireball                 Conj/Fire      0%         3d3       100%        5
 Iskenderun's Battlesphe  Conj           0%         2d6       100%        5
 Metabolic Englaciation   Hex/Ice        0%         N/A       100%        5
 Conjure Ball Lightning   Conj/Air       0%         3x3d6     100%        6
 Simulacrum               Ice/Necr       0%         N/A       100%        6
 Orb of Destruction       Conj           0%         9d5       100%        7


Dungeon Overview and Level Annotations

Branches:
Dungeon (11/15)            Temple (1/1) D:7            Lair (0/5) D:10
    Orc: D:9-12

Altars:
Ashenzari
Elyvilon
Gozag
Hepliaklqana
Makhleb
Okawaru
Uskayaw

Shops:
D:3 (   D:8 ?(==   D:10 :

Annotations:
D:14 Snorg


Innate Abilities, Weirdness & Mutations

You have razor-sharp teeth.
Your natural rate of healing is unusually fast.
When hurt, damage is shared between your health and your magic reserves.
Your bite disrupts and absorbs the magic of your enemies.
Potions cannot restore your health.


Message History

You closely miss Snorg. You bite Snorg! You drain her power.
Snorg is heavily wounded.
Snorg misses you. x2; Snorg barely misses you.
You completely miss Snorg. You bite Snorg! You drain her power.
Snorg is heavily wounded.
You barely miss Snorg. Your bite misses Snorg.
Snorg is heavily wounded.
The six-headed hydra roars!
You hit Snorg. You bite Snorg! You drain her power.
Snorg is severely wounded.
Snorg shakes off her lethargy.
Snorg goes berserk!
You hit Snorg.
Snorg is severely wounded.
Snorg misses you. You block Snorg's attack. Snorg barely misses you.
You hit Snorg. Your bite misses Snorg.
Snorg is severely wounded.
You hit Snorg. Your bite misses Snorg.
Snorg is severely wounded.
Snorg looks more healthy.
Snorg bites you. You block Snorg's attack. Snorg claws you.
You puncture Snorg! Your bite misses Snorg.
Snorg is severely wounded.
Snorg bites you! Snorg claws you. Snorg claws you!
You closely miss Snorg. You bite Snorg! You drain her power.
You feel invigorated.
Snorg is almost dead.
Snorg bites you! Snorg claws you but does no damage. You block Snorg's attack.
You closely miss Snorg.
Snorg is almost dead.
You closely miss Snorg.
Snorg is almost dead.
Snorg barely misses you. Snorg claws you! Snorg claws you.
You hit Snorg.
Snorg is almost dead.
Snorg bites you!!
* * * LOW HITPOINT WARNING * * *
Snorg claws you!
* * * LOW HITPOINT WARNING * * *
Snorg claws you!
You die...

#......
...?.
.(. #'#
#.# #D#
#.# #T#
#@#
#.##
#..#
##.#
#.# #.#
#.# #.#
#.#


You could see Snorg (berserk) and a six-headed hydra.

Vanquished Creatures
  Erolcha (D:10)
  A two-headed ogre (D:9)
  An ugly thing (D:11)
  Maggie (D:6)
  A kobold demonologist (D:11)
  2 trolls (D:10)
  Prince Ribbit (D:9)
  2 shadows
  A vampire (D:10)
  22 yaks
  2 wyverns
  Eustachio (D:5)
  2 steam dragons
  Menkaure (D:5)
  Edmund (D:6)
  2 acid dragons
  4 water moccasins
  5 orc warriors
  An ice beast (D:8)
  5 sky beasts
  2 black bears (D:6)
  5 centaurs
  An ogre (D:6)
  A wolf (D:10)
  2 phantoms (D:6)
  3 kobold brigands
  3 necrophages
  A bullfrog (D:7)
  A gnoll sergeant (D:7)
  5 scorpions
  21 wights
  3 killer bees (D:10)
  An electric eel (D:10)
  A howler monkey (D:5)
  2 jellies (D:6)
  6 hounds
  7 orc priests
  A gnoll bouda (D:7)
  6 iguanas
  3 orc wizards
  Robin (D:3)
  15 gnolls
  13 adders
  3 shadow imps
  2 white imps (D:7)
  An ufetubus (D:5)
  3 worms
  37 orcs
  11 endoplasms
  A giant cockroach (D:1)
  15 goblins
  9 hobgoblins
  A jackal (D:4)
  24 kobolds
  A quokka (D:1)
  5 ball pythons
  4 bats
  3 frilled lizards
  6 rats
287 creatures vanquished.

Vanquished Creatures (others)
  An orc wizard (D:10)
  A quokka (D:7)
2 creatures vanquished.

Grand Total: 289 creatures vanquished

Notes
Turn   | Place    | Note
-------+----------+-------------------------------------------
     0 | D:1      | Kazon the Vine Stalker Fighter began the quest for the Orb.
     0 | D:1      | Reached XP level 1. HP: 11/11 MP: 2/2
    33 | D:1      | Identified a scroll of acquirement
    33 | D:1      | Acquired a manual of Short Blades
   348 | D:1      | Reached XP level 2. HP: 16/16 MP: 3/3
   931 | D:2      | Reached XP level 3. HP: 15/19 MP: 4/4
  1564 | D:2      | Gained mutation: Your natural rate of healing is unusually
                  | fast. [Vine Stalker growth]
  1564 | D:2      | Reached XP level 4. HP: 22/24 MP: 5/5
  1833 | D:3      | Found Umat's Antique Weapon Boutique.
  1852 | D:3      | Bought a crude falchion for 184 gold pieces
  1852 | D:3      | Identified the +3 falchion of Winter {venom, rCorr} (You
                  | bought it in a shop on level 3 of the Dungeon)
  1971 | D:3      | Reached XP level 5. HP: 28/28 MP: 6/6
  1972 | D:3      | Reached skill level 1 in Throwing
  2049 | D:3      | Noticed Robin
  2067 | D:3      | Killed Robin
  2625 | D:4      | Reached skill level 1 in Short Blades
  2625 | D:4      | Reached skill level 1 in Dodging
  2625 | D:4      | Reached XP level 6. HP: 33/33 MP: 7/7
  3197 | D:4      | Reached XP level 7. HP: 37/37 MP: 8/8
  3246 | D:4      | Found a hazy altar of Hepliaklqana.
  3319 | D:5      | Entered Level 5 of the Dungeon
  3680 | D:5      | Gained mutation: You have razor-sharp teeth. [Vine Stalker
                  | growth]
  3680 | D:5      | Reached XP level 8. HP: 31/42 MP: 6/9
  3737 | D:5      | Noticed Eustachio
  3837 | D:5      | Noticed Menkaure
  3843 | D:5      | Killed Menkaure
  3844 | D:5      | Reached skill level 5 in Fighting
  3975 | D:5      | Reached skill level 1 in Stealth
  4099 | D:5      | Killed Eustachio
  4265 | D:5      | Reached skill level 1 in Evocations
  4320 | D:6      | Reached skill level 5 in Short Blades
  4436 | D:6      | Reached XP level 9. HP: 44/47 MP: 10/10
  4480 | D:6      | Noticed Maggie
  4499 | D:6      | Killed Maggie
  4851 | D:6      | Reached skill level 5 in Long Blades
  4934 | D:6      | Noticed Edmund
  5123 | D:6      | Reached XP level 10. HP: 51/53 MP: 11/11
  5213 | D:6      | Killed Edmund
  5267 | D:7      | Found a hide-covered altar of Uskayaw.
  5269 | D:7      | Found a staircase to the Ecumenical Temple.
  5280 | Temple   | Entered the Ecumenical Temple
  5285 | Temple   | Became a worshipper of Makhleb the Destroyer
  5709 | D:7      | Found a white marble altar of Elyvilon.
  5932 | D:8      | Found Quzidd's Magic Scroll Emporium.
  5937 | D:8      | Bought a scroll of teleportation for 42 gold pieces
  6233 | D:8      | Found Esumer's Weapon Shop.
  6234 | D:8      | Reached * piety under Makhleb
  6380 | D:8      | Reached skill level 5 in Shields
  6473 | D:8      | Found Heidghoki's Jewellery Shop.
  6663 | D:8      | Found Zoxtaeshakh's Jewellery Boutique.
  6879 | D:9      | Reached skill level 1 in Invocations
  7352 | D:9      | Noticed Prince Ribbit
  7369 | D:9      | Killed Prince Ribbit
  7492 | D:9      | Noticed a two-headed ogre
  7503 | D:9      | Killed a two-headed ogre
  7504 | D:9      | Reached skill level 5 in Evocations
  7504 | D:9      | Reached XP level 11. HP: 28/58 MP: 13/13
  7663 | D:10     | Entered Level 10 of the Dungeon
  7714 | D:10     | Reached ** piety under Makhleb
  7744 | D:10     | Identified the +5 long sword of the Land of Plenty {drain,
                  | Dex+3}
  7751 | D:10     | Noticed Erolcha
  7768 | D:10     | Killed Erolcha
  7791 | D:10     | Found Juagoaq's Book Shoppe.
  7840 | D:10     | Reached skill level 5 in Armour
  8062 | D:10     | Found a staircase to the Lair.
  9252 | D:11     | Reached *** piety under Makhleb
  9422 | D:11     | Noticed a green ugly thing
  9436 | D:11     | Killed a green ugly thing
  9588 | D:11     | Reached XP level 12. HP: 64/64 MP: 16/16
  9829 | D:11     | You fall into a shaft and drop 3 floors!
  9842 | D:14     | Noticed Snorg
  9842 | D:14     | Noticed a six-headed hydra
  9870 | D:14     | Slain by Snorg

Illustrated notes

Levels and vault maps discovered:
D:1:      dpeg_arrival_three_smaller_balls, layout_basic
D:2:      layout_loops_ring
D:3:      layout_basic, serial_shops, nicolae_shop_stone, st_stairs_9,
          minmay_misc_feat_doors, eino_curves_03, uniq_robin
D:4:      minmay_wonky_spiral, layout_basic,
          mainiacjoe_overflow_surrounded_room, minivault_5
D:5:      layout_cave_pods, uniq_menkaure, uniq_eustachio
D:6:      cheibrodos_barr_body, layout_basic, minmay_crystal_room,
          minmay_pentangle, uniq_maggie, uniq_edmund
D:7:      layout_cave_pools, nicolae_uskayaw_murder_on_the_dancefloor,
          elyvilon_altar_4, minmay_temple_entry_purple_smoke
D:8:      layout_basic, serial_shops, shop_statue, kennysheep_little_box, shop,
          nicolae_shop_window_shopping
D:9:      layout_cave_pools, uniq_prince_ribbit1
D:10:     layout_stronghold, erik_lair_island, serial_shops,
          nicolae_shop_statue_plus, uniq_erolcha
D:11:     layout_roguey
D:14:     layout_roguey, minmay_misc_feat_secret_circle, gammafunk_ghost_split,
          portal_ice_cave_entry_ice_simulacra, uniq_snorg
Temple:   nicolae_temple_bog_church

Skill      XL: |  1  2  3  4  5  6  7  8  9 10 11 |
---------------+----------------------------------+-----
Long Blades    | 2 3 5 6 8 |  8.1
Shields        | 3 4 5 |  5.5
Fighting       | 3 4 5 6 7 |  7.8
Armour         | 3 4 5 |  5.0
Throwing       | 1 2 3 4 |  4.7
Short Blades   | 1 2 4 5 7 8 |  8.1
Dodging        | 1 2 3 4 |  4.4
Stealth        | 1 2 3 |  3.5
Evocations     | 1 3 5 |  5.8
Invocations    | 2 4 |  4.1

Action                   |  1- 3 |  4- 6 |  7- 9 | 10-12 || total
-------------------------+-------+-------+-------+-------++-------
Melee: Long sword        |    75 |       |       |   117 ||   192
       Bite              |    19 |    44 |    91 |   254 ||   408
       Dagger            |     9 |   147 |    63 |       ||   219
       Falchion          |       |       |   200 |   150 ||   350
       Rapier            |       |       |       |   425 ||   425
Throw: Stone             |       |    11 |    48 |    62 ||   121
       Dart              |       |       |     1 |    26 ||    27
       Boomerang         |       |       |       |    46 ||    46
  Use: Scroll            |     1 |     7 |     3 |     5 ||    16
 Stab: Sleeping          |       |       |     3 |     3 ||     6
Armor: Scale mail        |    27 |    66 |    53 |       ||   146
       Leather armour    |       |       |    56 |   114 ||   170
Dodge: Dodged            |    44 |    87 |   149 |   279 ||   559
Block: Buckler           |    18 |    25 |    62 |   129 ||   234
